 Dungeon Sprint DCSS version 0.26-a0-683-g5206c1d7ac (webtiles) character file.

Game seed: 2852851679854371835

7 rocky1 the Slasher (level 1, -1/19 HPs)
             Began as a Minotaur Gladiator on Oct 23, 2020.
             Slain by a human (7 damage)
             ... in the Dungeon (Sprint III: "The Ten Rune Challenge").
             The game lasted 00:00:34 (202 turns).

rocky1 the Slasher (Minotaur Gladiator)              Turns: 202, Time: 00:00:34

Health: -1/19      AC:  3    Str: 18    XL:     1   Next: 83%
Magic:  0/0        EV: 13    Int:  5    God:
Gold:   0          SH:  0    Dex: 11    Spells: 0/0 levels left

rFire    . . .     SeeInvis .   a - +0 long sword
rCold    . . .     Faith    .   (no shield)
rNeg     . . .     Spirit   .   b - +0 leather armour
rPois    .         Reflect  .   c - +0 hat
rElec    .         Harm     .   (no cloak)
rCorr    .         Rampage  .   (no gloves)
MR       .....     NoTele   +   (no boots)
Stlth    +.........             (no amulet)
HPRegen  0.06/turn              (no ring)
MPRegen  0.07/turn              (no ring)

@: hasted, very quick
A: retaliatory headbutt, horns 2
a: no special abilities


You were in the Dungeon.
You visited 1 branch

Inventory:

Hand Weapons
 a - a +0 long sword (weapon)
Missiles
 d - 3 throwing nets (quivered)
Armour
 b - a +0 leather armour (worn)
 c - a +0 hat (worn)
Scrolls
 j - a scroll of blinking
 k - a scroll of random uselessness {unknown}
Potions
 e - a potion of curing
 f - a potion of heal wounds
 h - 2 potions of magic
 i - a potion of berserk rage


   Skills:
 + Level 3.3 Fighting
 + Level 4.3 Long Blades
 - Level 2.0 Throwing
 + Level 2.0 Armour
 + Level 3.9 Dodging


You couldn't memorise any spells.
You didn't know any spells.
Your spell library was empty.

Dungeon Overview and Level Annotations

Branches:
Dungeon (1/1)

Altars:


Innate Abilities, Weirdness & Mutations

You reflexively headbutt those who attack you in melee.
You have a pair of horns on your head.


Message History

The human is severely wounded.
The human hits you!
You barely miss the human.
The human is severely wounded.
The human completely misses you. You furiously retaliate!
You headbutt the human!
You riposte.
You closely miss the human.
The human is almost dead.
You closely miss the human.
The human is almost dead.
The human hits you but does no damage.
You barely miss the human. Your headbutt misses the human.
The human is almost dead.
You closely miss the human.
The human is almost dead.
The human barely misses you.
You riposte.
You closely miss the human.
The human is almost dead.
You barely miss the human.
The human is almost dead.
The human hits you!
You die...

▓..†..#
▓.....#...≈≈♣♣
▓....)#..≈≈≈≈♣♣♣
▓####'#..≈≈≈≈≈≈♣
▓...††#.≈≈≈≈≈≈..
▓.....#.≈≈≈≈≈...
▓.....#.≈≈≈.....
▓'#####.........
▓.....@p........
▓▓▓▓▓▓▓▓▓▓▓▓▓▓▓▓


You could see a human.

Vanquished Creatures
  An ooze (D)
  3 rats (D)
4 creatures vanquished.

Notes
Turn   | Place    | Note
-------+----------+-------------------------------------------
     0 | D        | rocky1 the Minotaur Gladiator began the quest for the Orb.
     0 | D        | Reached XP level 1. HP: 18/18 MP: 0/0
     6 | D        | Reached skill level 4 in Long Blades
     6 | D        | Reached skill level 1 in Armour
   202 | D        | Slain by a human

Illustrated notes

Levels and vault maps discovered:
D:        dungeon_sprint_mu [sprint_mu_entry_forest, sprint_mu_temple_rooms,
          sprint_mu_d1_horrors, sprint_mu_d2_genie, sprint_mu_d3_branching,
          sprint_mu_orc_legion, sprint_mu_elf_gauntlet, sprint_mu_hive_nellie,
          sprint_mu_lair_fedhas, sprint_mu_vaults_butterflies,
          sprint_mu_slime_circle, sprint_mu_swamp_cave, sprint_mu_snake_twists,
          sprint_mu_blade_basic, sprint_mu_crypt_fortress,
          sprint_mu_tomb_spiral, sprint_mu_vestibule_basic,
          sprint_mu_gehenna_hellfire, sprint_mu_dis_giant,
          sprint_mu_tartarus_statrot, sprint_mu_cocytus_islands, sprint_mu_zot1]

Skill      XL: |  1 |
---------------+----+-----
Fighting       | 3 |  3.3
Long Blades    | 4 |  4.3
Armour         | 2 |  2.0
Throwing       | |  2.0
Dodging        | |  3.9

Action                   || total
-------------------------++-------
Melee: Long sword        ||    16
       Headbutt          ||     3
  Use: Potion            ||     1
Armor: Leather armour    ||     1
Dodge: Dodged            ||     9
       Rpst.: Long sword ||     5

Table legend: (Time is in decaauts)
 A = Elapsed time spent in this place.
 B = Non-inter-level travel time spent in this place.
 C = Inter-level travel time spent in this place.
 D = Time resting spent in this place.
 E = Time spent auto-exploring this place.
 F = Levels seen in this place.
 G = Mean time per level.
                   A        B        C        D        E       F      G
               +--------+--------+--------+--------+--------+-----+--------+
         Total |    199 |    199 |      0 |    147 |      0 |   1 |  199.0 |
       Dungeon |    199 |    199 |      0 |    147 |      0 |   1 |  199.0 |
               +--------+--------+--------+--------+--------+-----+--------+

Top non-repeatable levels by time:
       D: 199 daAuts
